 Dungeon Crawl Stone Soup version 0.30-a0-354-g6b83867211 (webtiles) character file.

Game seed: 11594083777297324725

4887 Muataran the Carver (level 10, -5/92 HPs)
             Began as an Armataur Fighter on Nov 7, 2022.
             Was a Priest of Makhleb.
             Slain by an ice devil (23 damage)
             ... summoned by a kobold demonologist
             ... on level 9 of the Dungeon.
             The game lasted 00:18:28 (9011 turns).

Muataran the Carver (Armataur Fighter)              Turns: 9011, Time: 00:18:28

Health: -5/92      AC: 12    Str: 26    XL:     10   Next: 26%
Magic:  14/14      EV:  6    Int: 13    God:    Makhleb [***...]
Gold:   341        SH:  0    Dex: 10    Spells: 9/9 levels left

rFire   . . .      SeeInvis .    a - +6 great sword "Uffe Iho" {pain, Str+3 Int+2}
rCold   . . .      Faith    .    (shield currently unavailable)
rNeg    . . .      Spirit   .    G - +0 chain mail
rPois   +          Reflect  .    (no helmet)
rElec   .          Harm     .    A - +1 cloak
rCorr   .          Roll     +    x - +0 pair of gloves
Will    .....                    (no barding)
Stlth   ..........               D - amulet of regeneration
HPRegen 1.15/turn                B - ring of poison resistance
MPRegen 0.14/turn                (no ring)

@: about to teleport
A: large, rugged brown scales 3, deformed body, armoured tail, roll, long
tongue, awkward tongue
a: Renounce Religion, Minor Destruction, Lesser Servant of Makhleb


You were on level 9 of the Dungeon.
You worshipped Makhleb.
Makhleb was most pleased with you.
You visited 2 branches of the dungeon, and saw 10 of its levels.

You collected 341 gold pieces.

Inventory:

Hand Weapons
 a - the +6 great sword "Uffe Iho" (weapon) {pain, Str+3 Int+2}
   (You found it on level 3 of the Dungeon)

   In the hands of one skilled in necromantic magic, it inflicts extra damage on
   living creatures.
   Str:       It affects your strength (+3).
   Int:       It affects your intelligence (+2).
 b - a +3 scimitar
 r - a +0 long sword
Missiles
 y - a throwing net (quivered)
Armour
 c - a +0 buckler
 x - a +0 pair of gloves (worn)
 A - a +1 cloak (worn)
 G - a +0 chain mail (worn)
Jewellery
 e - a ring of fire
 m - an amulet of faith
 p - an amulet of magic regeneration
 B - a ring of poison resistance (left hand)
 C - a +6 ring of strength
 D - an amulet of regeneration (around neck)
Wands
 l - a wand of iceblast (7)
 q - a wand of flame (31)
Scrolls
 d - a scroll of identify
 f - 2 scrolls of amnesia
 i - 3 scrolls of butterflies {unknown}
 j - 2 scrolls of silence
 k - a scroll of enchant armour {unknown}
 n - 2 scrolls of teleportation
 t - a scroll of torment {unknown}
 v - a scroll of poison {unknown}
 E - 2 scrolls of noise {unknown}
 F - a scroll of enchant weapon {unknown}
Potions
 g - 2 potions of curing
 h - a potion of mutation {unknown}
 o - 2 potions of heal wounds
 s - 3 potions of ambrosia
 u - a potion of attraction {unknown}
 w - 2 potions of flight
 z - a potion of resistance {unknown}
 H - a potion of lignification {unknown}


   Skills:
 + Level 7.6 Fighting
 * Level 10.0 Long Blades
 - Level 5.1 Armour
 - Level 4.7 Shields
 + Level 5.9 Invocations


You had 9 spell levels left.
You didn't know any spells.
Your spell library contained the following spells:

 Spells                   Type           Power      Damage    Failure   Level
 Apportation              Tloc           0%         N/A       88%         1
 Necrotise                Necr           0%         1d4       88%         1
 Sandblast                Erth           0%         2d4       88%         1
 Slow                     Hex            0%         N/A       88%         1
 Summon Small Mammal      Summ           0%         N/A       88%         1
 Blink                    Tloc           0%         N/A       95%         2
 Ensorcelled Hibernation  Hex/Ice        0%         N/A       95%         2
 Momentum Strike          Conj/Tloc      0%         3d8       95%         2
 Passwall                 Tmut/Erth      0%         N/A       95%         2
 Scorch                   Fire           0%         2d5       95%         2
 Confusing Touch          Hex            0%         N/A       99%         3
 Gell's Gravitas          Tloc           0%         N/A       99%         3
 Lesser Beckoning         Tloc           0%         N/A       99%         3
 Stone Arrow              Conj/Erth      0%         3d7       99%         3
 Swiftness                Air            0%         N/A       99%         3
 Teleport Other           Tloc           0%         N/A       99%         3
 Vampiric Draining        Necr           0%         2d6       99%         3
 Flame Wave               Conj/Fire      0%         2d4       100%        4
 Yara's Violent Unravell  Hex/Tmut       0%         3d3       100%        5
 Summon Cactus Giant      Summ           0%         N/A       100%        6
 Enfeeble                 Hex            0%         N/A       100%        7


Dungeon Overview and Level Annotations

Branches:
Dungeon (9/15)             Temple (1/1) D:4            Lair (0/5) D:8
    Orc: D:9-12

Altars:
Ashenzari
Cheibriados
Dithmenos
Elyvilon
Fedhas
Gozag
Hepliaklqana
Kikubaaqudgha
Makhleb
Nemelex Xobeh
Okawaru
Qazlal
Ru
Sif Muna
Trog
Uskayaw
Vehumet
Wu Jian
Xom
Yredelemnul
Zin
The Shining One

Shops:
D:2 [   D:6 =

Annotations:
D:2 1 runed translucent door, Crazy Yiuf
D:4 Edmund


Innate Abilities, Weirdness & Mutations

You are completely covered in rugged brown scales. (AC +3, +7% HP)
Armour fits poorly on your strangely shaped body.
You have a long armoured tail.
You roll when moving toward enemies. (Rampage)
Your long tongue fully drains potion bottles. (2x potion effects)
Your tongue gives you trouble enunciating. (1.5x scroll delay)


Message History

The hornet stings you! x2
You feel as though you will be slow longer.
The hornet closely misses you.
You slice the hornet!! You tail-slap the hornet.
You kill the hornet!
Makhleb accepts your kill.
You feel better.
You feel very sick.
The kobold demonologist miscasts a cantrip.
The kobold demonologist casts a spell.
Your Long Blades skill increases to level 10!
You feel yourself speed up.
You feel sick.
You feel sick.
You feel sick.
You feel sick.
You are no longer poisoned.
You roll towards the ice devil!
The kobold demonologist casts a spell.
You barely miss the ice devil.
You tail-slap the ice devil, but do no damage.
The ice devil hits you but does no damage.
The kobold demonologist mumbles some strange words.
The orange demon barely misses you.
You hit the ice devil.
The ice devil is lightly wounded.
The ice devil hits you! The ice devil freezes you!!
The orange demon barely misses you. The ice devil attacks as you move away!
The ice devil closely misses you. The hellwing attacks as you move away!
The hellwing hits you but does no damage. x2
As you slowly read the scroll of teleportation, it crumbles to dust.
You feel strangely unstable.
The ice devil hits you but does no damage.
The orange demon stings you from afar. The hellwing hits you! x2
* * * LOW HITPOINT WARNING * * *
The ice devil hits you.
* * * LOW HITPOINT WARNING * * *
The ice devil freezes you!!
You die...

#######..#####.#####.#.~≈≈##
........... ........~.≈≈≈≈# ..
#...###..## #####..###.~≈≈## ##..
.........# ...........≈≈## #≈~..
#+#..##..# ######..###### #≈≈≈..
.........# #.......# ##≈≈≈~~~
...##....#.##.......######≈≈≈≈≈≈~
.....###.#.##....4K....##~≈~≈~~~~
#....+ ........@44..............
##...# #.~.~##########..#~~~≈≈~~~
#######~.~.~≈ ............~§≈≈≈≈≈
# ##≈~.~.~≈ .........##..~~~§~~
#####~~~.~.~≈ .....=.............
.........~.~≈ ..........~≈...†§~~
####~~~..~.~≈ ..........~~~≈.~≈≈≈
# #...~..~.~~ ####~~≈#~.~≈≈#.~≈≈§
# #.~.~..~.~≈ ≈≈≈≈≈#.~≈~#


You could see an orange demon (summoned), a hellwing (summoned), an ice devil
(summoned) and a kobold demonologist.

Vanquished Creatures
  A hornet (D:9)
  A wraith (D:8)
  Eustachio (D:6)
  A wyvern (D:7)
  A yak (D:8)
  Grum (D:9)
  An acid dragon (D:9)
  2 water moccasins
  An orc warrior (D:8)
  5 ice beasts
  2 black bears
  2 sky beasts
  An ogre (D:4)
  3 wolves (D:9)
  2 kobold brigands (D:7)
  A gnoll sergeant (D:5)
  A scorpion (D:8)
  Blork the orc (D:6)
  4 bullfrogs
  A necrophage (D:6)
  3 wights (D:7)
  4 howler monkeys
  5 electric eels
  2 jellies
  2 hounds
  2 orc priests
  2 gnoll boudas
  5 iguanas
  Terence (D:2)
  10 orc wizards
  14 gnolls
  9 adders
  A shadow imp (D:7)
  An ufetubus (D:4)
  A worm (D:3)
  2 dart slugs (D:1)
  21 orcs
  4 ball pythons
  7 endoplasms
  3 giant cockroaches
  10 goblins
  6 hobgoblins
  2 jackals (D:4)
  17 kobolds
  4 quokkas
  5 bats
  5 frilled lizards (D:2)
  4 rats
185 creatures vanquished.

Vanquished Creatures (collateral kills)
  A gargoyle (D:8)
1 creature vanquished.

Vanquished Creatures (others)
  4 fungi
  59 plants
63 creatures vanquished.

Grand Total: 249 creatures vanquished

Notes
Turn   | Place    | Note
-------+----------+-------------------------------------------
     0 | D:1      | Muataran the Armataur Fighter began the quest for the Orb.
     0 | D:1      | Reached XP level 1. HP: 19/19 MP: 1/1
    80 | D:1      | Reached skill level 2 in Long Blades
   142 | D:1      | Reached XP level 2. HP: 26/26 MP: 2/2
   191 | D:1      | Found a faded altar of an unknown god.
   565 | D:2      | Reached XP level 3. HP: 12/32 MP: 3/3
   695 | D:2      | Found Diluippe's Armour Shop.
   893 | D:2      | Reached XP level 4. HP: 23/40 MP: 4/4
   983 | D:2      | Reached skill level 3 in Long Blades
  1089 | D:2      | Found a sacrificial altar of Ru.
  1105 | D:2      | Noticed Terence
  1110 | D:2      | Killed Terence
  1226 | D:2      | Found a runed translucent door.
  1227 | D:2      | Noticed Crazy Yiuf
  1533 | D:3      | Noticed an ice beast
  1774 | D:4      | Reached XP level 5. HP: 40/48 MP: 5/5
  2032 | D:4      | Found a staircase to the Ecumenical Temple.
  2038 | Temple   | Entered the Ecumenical Temple
  2208 | Temple   | Became a worshipper of Makhleb the Destroyer
  2294 | D:4      | Found a broken altar of Ashenzari.
  2675 | D:4      | Reached XP level 6. HP: 55/55 MP: 6/6
  2730 | D:4      | Noticed Edmund
  2930 | D:3      | Identified the +6 great sword "Uffe Iho" {pain, Str+3
                  | Int+2}
  3515 | D:4      | Reached skill level 4 in Long Blades
  3656 | D:4      | Found a white marble altar of Elyvilon.
  3824 | D:4      | Reached skill level 5 in Armour
  4106 | D:5      | Entered Level 5 of the Dungeon
  4312 | D:5      | Reached XP level 7. HP: 60/63 MP: 7/7
  4395 | D:5      | Reached skill level 5 in Long Blades
  4668 | D:5      | Identified the +3 ring mail "Meghivva" {rC- rCorr Int+3}
  5006 | D:3      | Reached * piety under Makhleb
  5007 | D:3      | Reached skill level 5 in Fighting
  5007 | D:3      | Reached skill level 6 in Long Blades
  5361 | D:6      | Reached XP level 8. HP: 72/72 MP: 8/8
  5373 | D:6      | Found Jidot's Jewellery Boutique.
  5554 | D:6      | Reached skill level 1 in Invocations
  5780 | D:6      | Noticed Eustachio
  5804 | D:6      | Killed Eustachio
  5878 | D:6      | Reached skill level 7 in Long Blades
  6281 | D:6      | Noticed Blork the orc
  6287 | D:6      | Killed Blork the orc
  6742 | D:7      | Reached ** piety under Makhleb
  6765 | D:7      | Reached XP level 9. HP: 63/80 MP: 11/11
  6872 | D:7      | Reached skill level 8 in Long Blades
  7597 | D:7      | Identified the +1 leather armour of Cocytus {Drain Int+6}
  7782 | D:8      | Reached skill level 9 in Long Blades
  8262 | D:8      | Found a staircase to the Lair.
  8275 | D:8      | Reached skill level 5 in Invocations
  8362 | D:8      | Reached *** piety under Makhleb
  8378 | D:8      | Noticed a gargoyle
  8395 | D:8      | Killed a gargoyle
  8722 | D:9      | Reached XP level 10. HP: 89/92 MP: 14/14
  8737 | D:9      | Noticed Grum
  8746 | D:9      | Killed Grum
  8757 | D:9      | HP: 1/92 [acid dragon/splash of acid (15)]
  9001 | D:9      | Reached skill level 10 in Long Blades
  9007 | D:9      | Noticed an orange demon
  9011 | D:9      | Slain by an ice devil

Illustrated notes

Levels and vault maps discovered:
D:1:      grunt_arrival_lava_bath, layout_rooms,
          shapermc_ecumenical_altar_mp_urbaneastern, minmay_door_square
D:2:      layout_basic, basic_altar, serial_shops, shop, st_stairs_7,
          minmay_quantized, uniq_terence, uniq_crazy_yiuf_cottage
D:3:      layout_loops_ring, serial_bayou, serial_bayou_pond_d,
          serial_bayou_shore_a, serial_bayou_pond_d, serial_bayou_ford_a,
          serial_bayou_pond_c, serial_bayou_lagoon_a, minmay_surrounded
D:4:      layout_gridville, elyvilon_altar_4, nicolae_ashenzari_skybound,
          minmay_temple_entry_wispy, kennysheep_small_circle, uniq_edmund
D:5:      lemuel_ice_spiral_2, layout_basic
D:6:      layout_layer_cave, serial_shops, kennysheep_mini, uniq_blork_the_orc,
          uniq_eustachio
D:7:      layout_basic
D:8:      kennysheep_big_flooded_room, layout_basic,
          grunt_lair_entry_orc_guard_hut, chequers_avenue,
          kennysheep_cross_bottleneck
D:9:      layout_basic, nicolae_transporter_circle, uniq_grum
Temple:   nicolae_temple_bog_church

Skill      XL: |  1  2  3  4  5  6  7  8  9 10 |
---------------+-------------------------------+-----
Long Blades    | 2 3 4 6 7 9 10 | 10.0
Armour         | 4 5 |  5.1
Fighting       | 3 4 5 6 7 |  7.6
Shields        | 4 |  4.7
Invocations    | 3 5 |  5.9

Action                   |  1- 3 |  4- 6 |  7- 9 | 10-12 || total
-------------------------+-------+-------+-------+-------++-------
Melee: Long sword        |    84 |   151 |       |       ||   235
       Tailslap          |    10 |    21 |    33 |    10 ||    74
       Great sword       |       |    36 |   188 |    40 ||   264
       Scimitar          |       |       |    76 |       ||    76
Invok: Lesser Servant of |       |       |     1 |       ||     1
Evoke: Wand              |       |       |     2 |     8 ||    10
  Use: Potion            |       |     1 |       |     1 ||     2
       Scroll            |       |     1 |     7 |     1 ||     9
Armor: Scale mail        |    42 |   108 |   126 |       ||   276
       Chain mail        |       |       |    38 |    33 ||    71
Dodge: Dodged            |    34 |    89 |    91 |    16 ||   230
Block: Buckler           |    13 |    30 |    17 |       ||    60

Table legend: (Time is in decaauts)
 A = Elapsed time spent in this place.
 B = Non-inter-level travel time spent in this place.
 C = Inter-level travel time spent in this place.
 D = Time resting spent in this place.
 E = Time spent auto-exploring this place.
 F = Levels seen in this place.
 G = Mean time per level.
                   A        B        C        D        E       F      G
               +--------+--------+--------+--------+--------+-----+--------+
         Total |   9239 |   8680 |    559 |    467 |   6415 |  10 |  923.9 |
       Dungeon |   9041 |   8519 |    522 |    467 |   6276 |   9 | 1004.6 |
        Temple |    198 |    161 |     37 |      0 |    139 |   1 |  198.0 |
               +--------+--------+--------+--------+--------+-----+--------+

Top non-repeatable levels by time:
     D:4: 1606 daAuts
     D:6: 1250 daAuts
     D:7: 1131 daAuts
     D:3: 1094 daAuts
     D:2: 1080 daAuts
     D:8: 1005 daAuts
     D:5: 944 daAuts
     D:1: 567 daAuts
     D:9: 359 daAuts
  Temple: 198 daAuts
